 Dungeon Crawl Stone Soup version 0.21.1-1-g345015fe64 (webtiles) character file.

15209 Htamos the Cleaver (level 11, -3/101 HPs)
             Began as a Minotaur Monk on July 10, 2018.
             Was the Champion of Cheibriados.
             Slain by an orc warrior
             ... wielding a +0 long sword
             ... led by an orc warlord
              (24 damage)
             ... on level 2 of the Orcish Mines.
             The game lasted 00:32:26 (13688 turns).

Htamos the Cleaver (Minotaur Monk)                 Turns: 13688, Time: 00:32:27

Health: -3/101     AC: 20    Str: 34    XL:     11   Next: 98%
Magic:  7/10       EV: 16    Int: 22    God:    Cheibriados [******]
Gold:   1187       SH: 16    Dex: 33    Spells: 10/10 levels left

rFire    . . .     SeeInvis .   I - +0 war axe
rCold    . . .     Gourm    .   s - +0 shield
rNeg     + . .     Faith    .   p - +4 plate armour {rPois}
rPois    +         Spirit   .   (helmet restricted)
rElec    .         Reflect  .   (no cloak)
rCorr    .         Harm     .   J - +0 pair of gloves
MR       .....                  (no boots)
Stlth    ..........             (no amulet)
HPRegen  0.26/turn              (no ring)
MPRegen  0.12/turn              t - ring of positive energy

@: agile, very slow
A: retaliatory headbutt, horns 2
a: Bend Time, Temporal Distortion, Slouch, Step From Time, Renounce Religion


You were on level 2 of the Orcish Mines.
You worshipped Cheibriados.
Cheibriados was exalted by your worship.
You were not hungry.

You visited 3 branches of the dungeon, and saw 13 of its levels.
You also visited: Sewer.

You collected 1187 gold pieces.

Inventory:

Hand Weapons
 a - a +1 hand axe
 h - the +2 Maxwell's thermic engine {flame, freeze, rF- rC-}
   (You found it on level 4 of the Dungeon)

   It has been specially enchanted to burn those struck by it, causing extra
   injury to most foes and up to half again as much damage against particularly
   susceptible opponents.
   Big, fiery blades are also staple armaments of hydra-hunters.
   It makes you vulnerable to fire.
   It makes you vulnerable to cold.
 I - a +0 war axe (weapon)
Armour
 n - a +0 pair of gloves
 p - a +4 plate armour of poison resistance (worn)
 q - a +0 plate armour
 s - a +0 shield (worn)
 J - a +0 pair of gloves (worn)
Jewellery
 t - a ring of positive energy (right hand)
Wands
 u - a wand of polymorph (9)
 y - a wand of paralysis (30)
 E - a wand of flame (23)
 H - a wand of digging (13)
Scrolls
 b - 5 scrolls of amnesia
 d - 17 scrolls of identify
 e - 4 scrolls of remove curse
 o - 6 scrolls of magic mapping
 x - a scroll of fear {unknown}
 z - a scroll of fog {unknown}
 C - 3 scrolls of teleportation
 D - a scroll of blinking {unknown}
 G - 2 scrolls of enchant weapon
Potions
 f - 4 potions of heal wounds
 g - a potion of might {unknown}
 i - 2 potions of brilliance {unknown}
 j - 6 potions of curing
 k - a potion of lignification {unknown}
 l - 6 potions of agility
 m - 3 potions of cancellation {unknown}
 v - 4 potions of degeneration {unknown}
 w - a potion of resistance {unknown}
 A - a potion of invisibility
 B - 3 potions of berserk rage {unknown}
Books
 r - a book of Changes

   Spells                             Type                      Level
   a - Beastly Appendage              Transmutation                1
   b - Sticks to Snakes               Transmutation                2
   c - Spider Form                    Transmutation/Poison         3
   d - Ice Form                       Ice/Transmutation            4
   e - Blade Hands                    Transmutation                5
 F - a book of Power

   Spells                             Type                      Level
   a - Iskenderun's Battlesphere      Conjuration/Charms           5
   b - Venom Bolt                     Conjuration/Poison           5
   c - Bolt of Magma                  Conjuration/Fire/Earth       5
   d - Iron Shot                      Conjuration/Earth            6
   e - Orb of Destruction             Conjuration                  7
   f - Spellforged Servitor           Conjuration/Summoning        7
Comestibles
 c - 11 rations
 K - 2 chunks of flesh


   Skills:
 + Level 10.9 Fighting
 - Level 14.0 Axes
 + Level 10.3 Armour
 - Level 3.4 Dodging
 - Level 1.7 Stealth
 + Level 11.2 Shields


You had 10 spell levels left.
You didn't know any spells.

Dungeon Overview and Level Annotations

Branches:
Dungeon (10/15)            Temple (1/1) D:6            Lair (0/6) D:9
    Orc (2/2) D:9
    Elf: Orc:2

Altars:
Ashenzari
Cheibriados
Dithmenos
Elyvilon
Fedhas
Gozag
Hepliaklqana
Kikubaaqudgha
Makhleb
Nemelex Xobeh
Okawaru
Qazlal
Ru
Sif Muna
Trog
Uskayaw
Vehumet
Wu Jian
Xom
Yredelemnul
Zin
The Shining One
Beogh

Shops:
D:4 (   Orc:2 *

Portals:
Trove: D:10 (give 8 potions of haste)

Annotations:
D:4 2 runed doors


Innate Abilities, Weirdness & Mutations

You reflexively headbutt those who attack you in melee.
You have a pair of horns on your head.


Message History

The orc seems to slow down.
You feel slightly more hungry. You block the orc's attack.
The orc warrior hits you with a long sword!
* * * LOW HITPOINT WARNING * * *
The orc warlord roars a battlecry!
The orc wizard goes into a battle-frenzy!
You block the orc's attack.
An orc wizard comes into view. It is wielding a dagger.
You feel much better. You block the warg's attack.
The orc hits you from afar with a trident.
* * * LOW HITPOINT WARNING * * *
The warg completely misses you. You furiously retaliate!
You headbutt the warg!
The orc warlord hits you with an enchanted great sword!
* * * LOW HITPOINT WARNING * * *
Unknown command.
You feel agile all of a sudden. The orc completely misses you.
You block the warg's attack.
The orc high priest mumbles some strange prayers to Beogh.
The orc warrior hits you with a long sword!!
You die...

#... .........).. ###
.......)..). #..
........))... # #..
............. #. #..
####............
##'###'##8.#............
.4..oooo...'.8..........
.4..8ooo[..'............
..ooooh@)..'.8..........
##o###o##8.#............
#.. ####............ #..
#............. #..
##............. ###
#..............
.................
..................
..................


You could see an orc warlord, an orc knight, an orc high priest, an orange
demon, a warg, a red devil, 2 orc warriors, an orc priest and 7 orcs.

Vanquished Creatures
  Snorg (Orc:2)
  Erolcha (Orc:1)
  3 two-headed ogres
  An orange crystal statue (D:9)
  2 orc sorcerers (Orc:2)
  Maurice (D:8)
  2 trolls
  5 polar bears (D:9)
  Grinder (D:5)
  Sigmund (D:3)
  6 yaks (D:9)
  A wyvern (D:8)
  A human (D:10)
  A hungry ghost (D:7)
  2 wargs
  Menkaure (D:4)
  A water moccasin (D:5)
  A porcupine (D:9)
  15 orc warriors
  4 ice beasts
  2 sky beasts
  A black bear (D:9)
  A necrophage (D:7)
  A phantom (D:5)
  4 ogres
  The ghost of Lokiki the Shield-Bearer, an amateur FoFi (D:3)
  A wolf (D:9)
  4 centaurs
  8 bullfrogs
  A water moccasin zombie (D:7)
  A wyvern skeleton (D:9)
  2 scorpions
  3 howler monkeys
  An electric eel (D:9)
  2 centaur zombies
  A crimson imp (D:7)
  2 quasits
  4 hounds
  5 jellies
  2 bullfrog skeletons
  A centaur skeleton (D:9)
  14 orc priests
  23 orc wizards
  4 iguanas
  A hell rat (D:7)
  6 worker ants
  A killer bee zombie (D:10)
  17 adders
  4 gnolls
  A hound simulacrum (D:9)
  12 river rats
  A shadow imp (D:6)
  4 white imps (D:9)
  2 oozes
  2 adder zombies
  2 adder skeletons
  3 worms
  3 dart slugs
  6 leopard geckos
  69 orcs
  4 giant cockroaches
  7 goblins
  12 hobgoblins
  11 jackals
  28 kobolds
  6 quokkas (D:7)
  8 ball pythons
  12 bats
  4 frilled lizards
  A jackal skeleton (D:5)
  45 rats
412 creatures vanquished.

Notes
Turn   | Place    | Note
-------+----------+-------------------------------------------
     0 | D:1      | Htamos the Minotaur Monk began the quest for the Orb.
     0 | D:1      | Reached XP level 1. HP: 19/19 MP: 0/0
   270 | D:1      | Reached XP level 2. HP: 26/27 MP: 1/1
   305 | D:1      | Reached skill level 4 in Axes
   772 | D:1      | Reached XP level 3. HP: 33/33 MP: 2/2
  1099 | D:2      | Reached skill level 5 in Axes
  1297 | D:2      | Noticed an ogre
  1459 | D:1      | Killed an ogre
  1459 | D:1      | Reached skill level 6 in Axes
  1459 | D:1      | Reached XP level 4. HP: 16/40 MP: 3/3
  1459 | D:1      | Reached XP level 5. HP: 18/46 MP: 4/4
  1756 | D:1      | Reached skill level 7 in Axes
  2372 | D:2      | Found a glowing silver altar of Zin.
  2372 | D:2      | Found a white marble altar of Elyvilon.
  2372 | D:2      | Found a glowing golden altar of the Shining One.
  2543 | D:3      | Found a glowing drain.
  2568 | Sewer    | Entered a sewer
  3032 | Sewer    | Reached XP level 6. HP: 40/52 MP: 5/5
  3124 | Sewer    | Reached skill level 8 in Axes
  3724 | D:3      | Found an ornate altar of the Wu Jian Council.
  4014 | D:3      | Noticed Sigmund
  4061 | D:3      | Killed Sigmund
  4061 | D:3      | Reached skill level 9 in Axes
  4090 | D:3      | Reached XP level 7. HP: 41/58 MP: 6/6
  4329 | D:3      | Noticed Lokiki's ghost (amateur FoFi)
  4344 | D:3      | Killed Lokiki's ghost
  4804 | D:4      | Found a shadowy altar of Dithmenos.
  4933 | D:4      | Found a large runed door.
  4933 | D:4      | Found a large runed door.
  4953 | D:4      | Found Etinee's Antique Weapon Boutique.
  5085 | D:4      | Found a stormy altar of Qazlal.
  5160 | D:4      | Found a large runed door.
  5163 | D:4      | Found a large runed door.
  5178 | D:4      | Reached skill level 10 in Axes
  5231 | D:4      | Found the +2 Maxwell's thermic engine {flame, freeze, rF- rC-}
  5427 | D:4      | Reached skill level 11 in Axes
  5820 | D:4      | Reached XP level 8. HP: 63/66 MP: 7/7
  6120 | D:5      | Entered Level 5 of the Dungeon
  6136 | D:5      | Noticed Grinder
  6140 | D:5      | Reached skill level 12 in Axes
  6148 | D:5      | Paralysed by Grinder for 6 turns
  6156 | D:5      | Noticed Menkaure
  6179 | D:4      | Killed Menkaure
  6271 | D:5      | Paralysed by Grinder for 6 turns
  6423 | D:5      | Killed Grinder
  6423 | D:5      | Reached skill level 13 in Axes
  7026 | D:5      | Reached XP level 9. HP: 63/71 MP: 8/8
  7548 | D:6      | Reached skill level 14 in Axes
  7790 | D:6      | Found a staircase to the Ecumenical Temple.
  8007 | D:6      | Reached skill level 1 in Armour
  8007 | D:6      | Reached skill level 1 in Shields
  8210 | D:6      | Found an iron altar of Okawaru.
  8456 | Temple   | Entered the Ecumenical Temple
  8704 | Temple   | Became a worshipper of Cheibriados the Contemplative
  8704 | Temple   | Reached * piety under Cheibriados
  8704 | Temple   | Reached ** piety under Cheibriados
  8940 | D:7      | Reached skill level 5 in Fighting
  9141 | D:7      | Reached *** piety under Cheibriados
  9516 | D:7      | Reached skill level 5 in Shields
  9639 | D:8      | Reached **** piety under Cheibriados
  9736 | D:8      | Reached skill level 5 in Armour
  9736 | D:8      | Reached XP level 10. HP: 84/84 MP: 9/9
  9834 | D:8      | Noticed Maurice
  9873 | D:8      | Killed Maurice
 10170 | D:8      | Found a shimmering altar of Xom.
 10602 | D:9      | Reached ***** piety under Cheibriados
 10971 | D:9      | Found a burning altar of Makhleb.
 10971 | D:9      | Noticed a blizzard demon
 11062 | D:9      | Found a staircase to the Lair.
 11108 | D:9      | Found a blossoming altar of Fedhas.
 11146 | D:9      | Found a staircase to the Orcish Mines.
 11250 | D:9      | Noticed a two-headed ogre
 11256 | D:9      | Killed a two-headed ogre
 11265 | D:9      | Reached XP level 11. HP: 84/97 MP: 10/10
 11336 | D:9      | Noticed an orange crystal statue
 11366 | D:9      | Killed an orange crystal statue
 11547 | D:10     | Entered Level 10 of the Dungeon
 11575 | D:10     | Noticed a two-headed ogre
 11593 | D:10     | Killed a two-headed ogre
 11826 | D:10     | Noticed a two-headed ogre
 11833 | D:10     | Killed a two-headed ogre
 11948 | D:10     | Reached skill level 10 in Fighting
 12178 | D:10     | Found a blossoming altar of Fedhas.
 12438 | D:10     | Reached skill level 10 in Shields
 12493 | D:10     | Found a portal to a secret trove of treasure.
 12782 | Orc:1    | Entered Level 1 of the Orcish Mines
 13070 | Orc:1    | Noticed Erolcha
 13076 | Orc:1    | Killed Erolcha
 13259 | Orc:2    | Entered Level 2 of the Orcish Mines
 13372 | Orc:2    | Reached ****** piety under Cheibriados
 13427 | Orc:2    | Found a roughly hewn altar of Beogh.
 13445 | Orc:2    | Noticed Snorg
 13451 | Orc:2    | Killed Snorg
 13451 | Orc:2    | Reached skill level 10 in Armour
 13509 | Orc:2    | Noticed an orc sorcerer
 13512 | Orc:2    | Killed an orc sorcerer
 13611 | Orc:2    | Found a roughly hewn altar of Beogh.
 13611 | Orc:2    | Noticed an orc sorcerer
 13616 | Orc:2    | Killed an orc sorcerer
 13632 | Orc:2    | Found Bievos's General Store.
 13678 | Orc:2    | Noticed an orc warlord
 13680 | Orc:2    | Noticed an orc knight
 13686 | Orc:2    | Noticed an orc high priest
 13688 | Orc:2    | Slain by an orc warrior

Skill      XL: |  1  2  3  4  5  6  7  8  9 10 11 |
---------------+----------------------------------+-----
Axes           | 4 6 7 9 11 13 14 | 14.0
Fighting       | 6 9 10 | 10.9
Armour         | 5 7 10 | 10.3
Shields        | 5 8 11 | 11.2
Dodging        | |  3.4
Stealth        | |  1.7

Action                   |  1- 3 |  4- 6 |  7- 9 | 10-12 || total
-------------------------+-------+-------+-------+-------++-------
Melee: Hand axe          |    75 |   201 |   571 |   262 ||  1109
       Headbutt          |    11 |    32 |   127 |   161 ||   331
       War axe           |       |       |       |   155 ||   155
Invok: Bend Time         |       |       |       |     1 ||     1
  Use: Scroll            |       |     5 |     5 |     1 ||    11
       Potion            |       |     3 |     4 |     2 ||     9
  Eat: Chunk             |     1 |     6 |    13 |     8 ||    28
       Ration            |       |     1 |     1 |       ||     2
Armor: Robe              |     5 |       |       |       ||     5
       Ring mail         |     3 |       |       |       ||     3
       Chain mail        |    15 |    82 |     3 |       ||   100
       Plate armour      |       |       |   262 |   111 ||   373
Dodge: Dodged            |    50 |    68 |    80 |    85 ||   283
Block: Shield            |       |       |   136 |   236 ||   372
